 Dungeon Crawl Stone Soup version 0.28.0-43-g3370ac3207 (webtiles) character file.

Game seed: 14531632193315894645

551174 joshe the Slayer (level 26, 0/261 HPs)
             Began as an Ogre Transmuter on Mar 15, 2022.
             Was an Initiate of Gozag.
             Slain by a green draconian monk (8 damage)
             ... on level 1 of the Realm of Zot on Mar 25, 2022.
             The game lasted 17:39:14 (119507 turns).

joshe the Slayer (Ogre Transmuter)                Turns: 119507, Time: 17:39:14

Health: 0/261      AC:  5    Str: 30    XL:     26   Next: 32%
Magic:  15/52      EV:  5    Int: 34    God:    Gozag
Gold:   5276       SH: 26    Dex: 11    Spells: 5/68 levels left

rFire   + + +      SeeInvis +   p - +8 mace "Banosm" {speed, Fragile MP+9 Str+4}
rCold   + + +      Faith    .   o - +4 tower shield "Muucwe" {rElec rN+ Will+ Int+6}
rNeg    + + .      Spirit   .   S - +4 robe of Folly {Brilliance Will-∞ Int+8}
rPois   +          Reflect  +   v - -2 hat of the Alchemist {rElec rPois rF+ rC+ rN+ Will+ rMut rCorr}
rElec   +          Harm     .   c - scarf {rC+ rF+}
rCorr   +          Rampage  .   (gloves unavailable)
rMut    +          Rnd*Tele +   (boots unavailable)
Will    .....                   W - amulet of reflection
Stlth   +++.......              a - ring "Hifiom" {Contam rF+ rC+ rCorr Str+5}
HPRegen 0.53/turn               V - ring "Moisk" {Wiz Will++ SInv}
MPRegen 0.33/turn

@: about to teleport, petrifying, hasted, studying 2 skills
A: large, unfitting armour, tough skin 1, thin skeletal structure 1, dopey 1,
frail 1, low MP 1, mutation resistance 1, poison resistance, teleportitis 1
}: 3/15 runes: serpentine, barnacled, silver
a: Renounce Religion, Potion Petition, Call Merchant, Bribe Branch


You were on level 1 of the Realm of Zot.
You worshipped Gozag.
Gozag was greatly pleased with you.
You visited 12 branches of the dungeon, and saw 50 of its levels.
You also visited: Trove, Bailey and Gauntlet.

You collected 26948 gold pieces.
You spent 10338 gold pieces at shops.
You paid 11334 gold pieces to Gozag.

Inventory:

Hand Weapons
 p - the +8 mace "Banosm" (weapon) {speed, Fragile MP+9 Str+4}
   (You found it on level 4 of the Dungeon)

   Attacks with this weapon are significantly faster.
   Str:       It affects your strength (+4).
   MP:        It affects your magic capacity (+9).
   Fragile:   It will be destroyed if unequipped.
 y - the +11 flail "Wafiod Ize" {venom, rN+ SInv Stlth-}
   (You found it on level 10 of the Dungeon)

   It poisons the flesh of those it strikes.
   rN:        It protects you from negative energy.
   SInv:      It lets you see invisible.
   Stlth:     It makes you less stealthy.
Missiles
 q - 7 silver javelins (quivered)
 r - 21 curare-tipped darts
Armour
 c - a scarf of resistance (worn)
 o - the +4 tower shield "Muucwe" (worn) {rElec rN+ Will+ Int+6}
   (You acquired it on level 2 of the Snake Pit)

   Int:       It affects your intelligence (+6).
   rElec:     It insulates you from electricity.
   rN:        It protects you from negative energy.
   Will:      It increases your willpower.
 v - the -2 hat of the Alchemist (worn) {rElec rPois rF+ rC+ rN+ Will+ rMut rCorr}
   (You found it in a treasure trove)

   rF:        It protects you from fire.
   rC:        It protects you from cold.
   rElec:     It insulates you from electricity.
   rPois:     It protects you from poison.
   rN:        It protects you from negative energy.
   rCorr:     It protects you from acid and corrosion.
   rMut:      It protects you from mutation.
   Will:      It increases your willpower.
 F - a +2 hat of willpower
 N - the -4 cloak "Qavemuno" {+Blink +Inv rPois Int-3}
   (You found it in a treasure trove)

   Int:       It affects your intelligence (-3).
   rPois:     It protects you from poison.
   +Inv:      It lets you turn invisible.
   +Blink:    It lets you blink.
 S - the +4 robe of Folly (worn) {Brilliance Will-∞ Int+8}
   (You found it in a treasure trove)

   It increases the power of your magical spells.
   It halves the magic cost of your spells (rounding up).
   It reduces your willpower to zero.
   Int:       It affects your intelligence (+8).
 Z - the +2 shield of Resistance {rF++ rC++ Will++}
   (You found it on level 5 of the Vaults)

   rF:        It greatly protects you from fire.
   rC:        It greatly protects you from cold.
   Will:      It greatly increases your willpower.
Jewellery
 a - the ring "Hifiom" (left hand) {Contam rF+ rC+ rCorr Str+5}
   (You bought it in a shop on level 4 of the Snake Pit)

   [ring of protection from fire]

   Str:       It affects your strength (+5).
   rF:        It protects you from fire.
   rC:        It protects you from cold.
   Contam:    It causes magical contamination when unequipped.
   rCorr:     It protects you from acid and corrosion.
 i - the ring of Ifocveum {MP+9 Int+2}
   (You found it on level 3 of the Crypt)

   [ring of magical power]

   Int:       It affects your intelligence (+2).
   MP:        It affects your magic capacity (+9).
 j - a +4 ring of evasion
 k - a +4 ring of protection
 V - the ring "Moisk" (right hand) {Wiz Will++ SInv}
   (You found it on level 5 of the Vaults)

   [ring of wizardry]

   It improves your spell success rate.
   SInv:      It lets you see invisible.
   Will:      It greatly increases your willpower.
 W - an amulet of reflection (around neck)
Wands
 f - a wand of digging (4)
 s - a wand of acid (28)
 x - a wand of iceblast (35)
 A - a wand of flame (35)
 E - a wand of charming (8)
 M - a wand of mindburst (44)
 T - a wand of paralysis (12)
Scrolls
 h - a scroll of fear
 n - 4 scrolls of fog
 t - 6 scrolls of magic mapping
 C - 6 scrolls of enchant weapon
 D - 2 scrolls of amnesia
 K - 10 scrolls of enchant armour
 U - 2 scrolls of holy word
 Y - 2 scrolls of immolation
Potions
 b - 2 potions of berserk rage
 d - 3 potions of cancellation
 e - a potion of resistance
 w - a potion of haste
 G - 8 potions of ambrosia
 I - 2 potions of might
 L - 2 potions of magic
 P - 20 potions of curing
 Q - 4 potions of heal wounds
 R - 4 potions of brilliance
Miscellaneous
 B - a condenser vane
 H - a phantom mirror
 O - a box of beasts
 X - a lightning rod (4/4)


   Skills:
 - Level 22.0 Fighting
 - Level 14.0 Maces & Flails
 - Level 8.0 Throwing
 - Level 4.0 Armour
 - Level 8.1 Dodging
 - Level 2.0 Stealth
 - Level 14.0 Shields
 - Level 6.0 Unarmed Combat
 + Level 21.5 Spellcasting
 - Level 12.0 Conjurations
 - Level 4.0 Necromancy
 - Level 8.0 Transmutations
 - Level 10.0 Fire Magic
 - Level 6.0 Ice Magic
 - Level 17.0 Air Magic
 - Level 15.0 Earth Magic
 - Level 8.0 Poison Magic
 - Level 8.0 Evocations


You had 5 spell levels left.
You knew the following spells:

 Your Spells              Type           Power      Damage    Failure   Level
a - Lee's Rapid Deconstr  Erth           59%        3d28*     1%          5
b - Wereblood             Tmut           94%        N/A       1%          2
c - Petrify               Tmut/Erth      100%       N/A       1%          4
d - Iron Shot             Conj/Erth      56%        9d11      1%          6
e - Poisonous Vapours     Pois/Air       100%       N/A       0%          2
f - Shock                 Conj/Air       100%       1d9       0%          1
g - Airstrike             Air            61%        N/A       0%          4
h - Mephitic Cloud        Conj/Pois/Air  100%       N/A       1%          3
i - Ignite Poison         Fire/Tmut/Pois 97%        N/A       1%          3
j - Sublimation of Blood  Necr           77%        N/A       1%          2
k - Static Discharge      Conj/Air       100%       N/A       0%          2
l - Stone Arrow           Conj/Erth      100%       3d13      1%          3
m - Fireball              Conj/Fire      52%        3d20      1%          5
n - Iskenderun's Battles  Conj           100%       2d15      1%          5
o - Statue Form           Tmut/Erth      71%        N/A       1%          6
p - Conjure Ball Lightni  Conj/Air       58%        3x3d21    1%          6
q - Summon Lightning Spi  Summ/Air       96%        N/A       1%          4

Your spell library contained the following spells:

 Spells                   Type           Power      Damage    Failure   Level
 Magic Dart               Conj           100%       1d8       0%          1
 Sandblast                Erth           100%       2d20      0%          1
 Swiftness                Air            100%       N/A       0%          3
 Apportation              Tloc           100%       N/A       1%          1
 Beastly Appendage        Tmut           100%       N/A       1%          1
 Freeze                   Ice            100%       1d11      1%          1
 Pain                     Necr           100%       1d9       1%          1
 Summon Small Mammal      Summ           100%       N/A       1%          1
 Call Imp                 Summ           53%        N/A       1%          2
 Corpse Rot               Necr/Air       100%       N/A       1%          2
 Passwall                 Tmut/Erth      89%        N/A       1%          2
 Searing Ray              Conj           100%       2d8       1%          2
 Conjure Flame            Conj/Fire      100%       6-21      1%          3
 Frozen Ramparts          Ice            100%       1d12      1%          3
 Inner Flame              Hex/Fire       82%        N/A       1%          3
 Ozocubu's Armour         Ice            86%        N/A       1%          3
 Spider Form              Tmut/Pois      94%        N/A       1%          3
 Vampiric Draining        Necr           77%        2d11      1%          3
 Animate Armour           Summ/Erth      100%       N/A       1%          4
 Dispel Undead            Necr           77%        3d25      1%          4
 Fulminant Prism          Conj/Hex       43%        3d20      1%          4
 Hailstorm                Conj/Ice       98%        3d19      1%          4
 Ice Form                 Ice/Tmut       90%        N/A       1%          4
 Iskenderun's Mystic Bla  Conj/Tloc      86%        2d17      1%          4
 Leda's Liquefaction      Hex/Erth       46%        N/A       1%          4
 Olgreb's Toxic Radiance  Pois           94%        N/A       1%          4
 Sticky Flame             Conj/Fire      100%       2d11      1%          4
 Alistair's Intoxication  Tmut/Pois      62%        N/A       1%          5
 Blade Hands              Tmut           47%        N/A       1%          5
 Lightning Bolt           Conj/Air       58%        1d80      1%          5
 Call Canine Familiar     Summ           53%        N/A       2%          3
 Gell's Gravitas          Tloc           53%        N/A       2%          3
 Summon Guardian Golem    Hex/Summ       53%        N/A       2%          3
 Teleport Other           Tloc           53%        N/A       2%          3
 Tukima's Dance           Hex            53%        N/A       2%          3
 Summon Ice Beast         Ice/Summ       71%        N/A       2%          4
 Anguish                  Hex/Necr       33%        N/A       4%          4
 Agony                    Necr           77%        N/A       5%          5
 Excruciating Wounds      Necr           38%        N/A       5%          5
 Metabolic Englaciation   Hex/Ice        35%        N/A       8%          5
 Passage of Golubria      Tloc           53%        N/A       10%         4
 Manifold Assault         Tloc           53%        N/A       26%         5
 Summon Mana Viper        Hex/Summ       53%        N/A       26%         5
 Starburst                Conj/Fire      52%        6d14      1%          6
 Eringya's Noxious Bog    Tmut/Pois      47%        N/A       6%          6
 Simulacrum               Ice/Necr       41%        N/A       19%         6
 Ozocubu's Refrigeration  Ice            43%        4d13      52%         7
 Spellforged Servitor     Conj/Summ      43%        N/A       52%         7
 Ignition                 Fire           51%        3d14      67%         8
 Dispersal                Tloc           26%        N/A       78%         6
 Summon Cactus Giant      Summ           26%        N/A       78%         6
 Shatter                  Erth           59%        3d44*     87%         9
 Chain Lightning          Conj/Air       58%        3d77      91%         9
 Necromutation            Tmut/Necr      43%        N/A       99%         8
 Enfeeble                 Hex            26%        N/A       100%        7
 Summon Hydra             Summ           26%        N/A       100%        7
 Discord                  Hex            26%        N/A       100%        8
 Disjunction              Tloc           26%        N/A       100%        8
 Fire Storm               Conj/Fire      52%        8d13      100%        9


Dungeon Overview and Level Annotations

Branches:
Dungeon (15/15)            Temple (1/1) D:5            Lair (6/6) D:11
 Shoals (4/4) Lair:4        Snake (4/4) Lair:3        Slime (2/5) Lair:5
    Orc (2/2) D:12            Elf (3/3) Orc:2        Vaults (5/5) D:14
  Crypt (3/3) Vaults:3       Tomb (0/3) Crypt:3      Depths (4/4) D:15
    Zot (1/5) Depths:4     Bailey (visited)         Gauntlet (visited)

Altars:
Ashenzari
Cheibriados
Dithmenos
Elyvilon
Fedhas
Gozag
Hepliaklqana
Kikubaaqudgha
Makhleb
Nemelex Xobeh
Okawaru
Qazlal
Ru
Sif Muna
Trog
Uskayaw
Vehumet
Wu Jian
Xom
Yredelemnul
Zin
The Shining One
Jiyva

Shops:
D:3 *   D:10 *   D:12 ?   Orc:1 *   Orc:2 [((*!   Elf:3 !   Lair:3 :
Shoals:1 **[*(   Snake:2 *   Snake:3 *=![*[   Snake:4 =:=:   Vaults:2 (
Depths:4 *

Portals:
Hell: Depths:1 Depths:2 Depths:3 Depths:4
Abyss: Depths:1 Depths:3 Depths:4
Pandemonium: Depths:2
Ziggurat: Depths:4

Annotations:
Lair:3 exclusion: oklob plant
Lair:4 3 runed translucent doors, 2bobheroes's ghost, journeyman GnFi
Lair:6 2 transporters, experimilk's ghost, journeyman MiHu
Snake:4 1 runed translucent door, WaxSun's ghost, adept FoCK
Slime:2 Dissolution
Elf:3 1 runed translucent door, nickcage's ghost, adept MiFi


Innate Abilities, Weirdness & Mutations

You are too large for most types of armour.
You have tough skin. (AC +1)
You have a somewhat thin skeletal structure. (Dex +2, Stealth+)
You are dopey. (Int -2)
You are frail. (-10% HP)
Your magical capacity is low. (-10% MP)
You are somewhat resistant to further mutation.
Your system is resistant to poisons. (rPois)
You are occasionally teleported next to monsters.


Message History

You block the ancient lich's attack.
Unknown command.
Magic courses through your body. The yellow draconian spits acid at you.
The glob of acid reflects off an invisible shield around you!
The glob of acid hits the yellow draconian.
The acid splashes onto you!
You are splashed with acid.
You resist.
* * * LOW HITPOINT WARNING * * *
The acid splashes onto the bone dragon!
The bone dragon is splashed with acid.
The ghost moth stares at you.
You feel your power leaking away.
You block the ghost moth's attack. x3; The green draconian monk hits you!!
* * * LOW HITPOINT WARNING * * *
The green draconian monk kicks you.
* * * LOW HITPOINT WARNING * * *
The green draconian monk barely misses you.
The green draconian monk tail-slaps you!
* * * LOW HITPOINT WARNING * * *
The ancient lich casts a spell at you.
You are slowing down.
Casting: Statue Form (mildly dangerous; 1% risk of failure)
Confirm with . or Enter, or press ? or * to list all spells.
Okay, then.
Okay, then.
You feel much better. You block the ghost moth's attack.
The ghost moth hits you but does no damage.
You block the ghost moth's attack.
The yellow draconian hits you with a +2 vorpal trident!
* * * LOW HITPOINT WARNING * * *
x2 You block the bone dragon's attack.
The bone dragon claws you!
* * * LOW HITPOINT WARNING * * *
You block the bone dragon's attack. The ancient lich touches you.
* * * LOW HITPOINT WARNING * * *
The green draconian monk hits you!
* * * LOW HITPOINT WARNING * * *
The green draconian monk kicks you.
* * * LOW HITPOINT WARNING * * *
The green draconian monk tail-slaps you!
You die...
Your body crumbles into a pile of gold.

## ##. ##..##
....## $$ $$
#dDq## $ $ #..
#@yL# #...
##LDC# #...#
#Dd..# ...# $
##DDq⌠...## $ $
$...(.#.....$$
#.##.#⌠#>#>#.##.
')$..*$.#$....$$
$ $#$.##.C$∩$).#
$ #...D#.d..#


You could see a bone dragon, a shadow dragon, a green draconian monk, an iron
dragon, a titan, an ancient lich, a storm dragon, a yellow draconian, a purple
draconian, a purple draconian shifter, an ice dragon, a lich (invisible) and a
ghost moth (invisible).

Vanquished Creatures
  A dread lich (Vaults:4)
  Khufu (Crypt:3)
  An ancient lich (Vaults:5)
  A juggernaut (Depths:2)
  Sojobo (Depths:2)
  Bai Suzhen (Vaults:4)
  A Killer Klown (Depths:4)
  The ghost of Nushri Pyun the Executioner, a veteran FoFi of Dithmenos (Crypt:1)
  A caustic shrike (Depths:3)
  Saint Roka (Vaults:3)
  6 golden dragons
  Nikola (Shoals:2)
  A profane servitor (Crypt:3)
  3 bone dragons
  Jorgrun (Elf:1)
  5 tentacled monstrosities
  4 liches
  2 walking crystal tomes
  2 quicksilver dragons
  3 deep elf blademasters
  A walking frostbound tome (Depths:3)
  4 deep elf master archers
  5 titans
  An acid blob (Slime:1)
  4 ancient champions
  4 krakens
  12 tengu reavers
  5 sphinxes
  Kirke (Shoals:2)
  6 shadow dragons
  Ilsuiw (Shoals:4)
  3 revenants
  8 storm dragons
  Donald (Vaults:3)
  A draconian monk (Depths:4)
  6 nagarajas
  7 fire giants
  13 frost giants
  2 draconian shifters
  The ghost of pkoi the Brawler, a journeyman DrMo of Dithmenos (Shoals:2)
  4 deep elf sorcerers
  2 iron dragons
  21 vault wardens
  A ghost moth (Depths:4)
  2 orc warlords
  A curse skull (Crypt:1)
  2 deep elf elementalists
  A draconian scorcher (Depths:4)
  2 ghouls
  15 ironbound preservers
  A war gargoyle (Vaults:2)
  7 ironbound thunderhulks
  8 stone giants
  30 very ugly things
  8 deep elf annihilators (Elf:3)
  2 green draconians
  8 vampire knights
  6 deep elf demonologists
  2 entropy weavers (Vaults:3)
  A red draconian (Depths:4)
  A minotaur (shapeshifter) (Vaults:5)
  A black draconian (Depths:4)
  A minotaur (Crypt:1)
  2 yellow draconians
  A spark wasp (Depths:2)
  A white draconian (Zot:1)
  7 dire elephants (Vaults:3)
  An eidolon (Crypt:1)
  9 deep elf death magi
  6 crystal guardians
  9 ettins
  14 yaktaur captains
  2 mummy priests (Crypt:3)
  10 merfolk javelineers
  14 great orbs of eyes
  Josephine (Lair:5)
  5 deep elf high priests
  12 fire dragons
  5 merfolk impalers
  2 spriggan zombies (Crypt:1)
  A caustic shrike simulacrum (Crypt:3)
  15 jiangshi
  37 vault guards
  9 ice dragons
  5 boulder beetles
  3 salamander tyrants
  19 hydras
  5 rakshasas
  12 naga warriors
  2 peacekeepers
  8 death knights
  3 anacondas (Snake:1)
  2 ogre magi (Vaults:5)
  A hydra (shapeshifter) (Vaults:4)
  12 centaur warriors
  10 ironbound frosthearts
  A hell beast (Depths:2)
  An alligator snapping turtle (Shoals:4)
  2 satyrs (Shoals:3)
  10 tengu warriors
  8 merfolk avatars
  10 merfolk aquamancers
  7 two-headed ogres
  7 deep troll earth magi
  A catoblepas (D:13)
  A hell hog (Depths:2)
  6 death yaks
  12 deep troll shamans
  6 shock serpents
  4 spriggan berserkers
  3 vampire magi
  18 naga sharpshooters
  6 orc high priests (Orc:2)
  13 hell knights
  29 skeletal warriors
  3 shadow wraiths (Crypt:3)
  13 deep elf knights
  15 iron trolls
  A steelbarb worm (shapeshifter) (Elf:3)
  10 sea snakes
  47 deep trolls
  A salamander mystic (Snake:3)
  A bog body (Crypt:2)
  A quicksilver dragon simulacrum (Depths:2)
  A golden dragon zombie (Crypt:2)
  4 flayed ghosts
  2 glowing orange brains
  7 naga ritualists
  7 deep elf archers
  9 wizards
  10 necromancers
  17 ironbound convokers
  9 phantasmal warriors
  12 orc knights
  A bunyip skeleton (Crypt:3)
  A goliath frog zombie (Crypt:1)
  26 deep elf zephyrmancers
  19 harpies
  6 lindwurms
  A jorogumo zombie (Crypt:1)
  A golden dragon skeleton (Crypt:1)
  19 deep elf pyromancers
  8 cyclopes
  4 orc sorcerers
  10 fauns
  3 wolf spiders
  7 mana vipers
  A shining eye (Slime:1)
  2 stone giant zombies (Crypt:2)
  60 ugly things
  6 salamanders
  11 manticores
  A sphinx skeleton (Vaults:3)
  2 moths of wrath (Depths:4)
  A centaur zombie (Crypt:1)
  9 merfolk sirens
  24 elephants
  A fire giant skeleton (Vaults:4)
  Joseph (Lair:1)
  13 naga magi
  A guardian serpent (Snake:4)
  11 vault sentinels
  4 stone giant skeletons
  An eleionoma skeleton (Crypt:1)
  9 water nymphs
  Maurice (D:12)
  A frost giant skeleton (Vaults:3)
  27 black mambas
  15 cane toads
  A torpor snail (shapeshifter) (Vaults:5)
  2 gargoyles
  A yaktaur (shapeshifter) (Depths:2)
  An unseen horror (D:13)
  23 yaktaurs
  Psyche (D:8)
  5 rime drakes
  13 komodo dragons
  A yaktaur skeleton (Vaults:3)
  8 guardian mummies
  A yellow draconian skeleton (Crypt:1)
  5 freezing wraiths
  2 tengu conjurers (D:11)
  2 elf skeletons (Vaults:3)
  9 trolls
  A queen bee (Lair:1)
  A spectral harpy (Crypt:3)
  27 merfolk
  A hornet (Depths:3)
  2 spectral guardian serpents (Crypt:2)
  8 wind drakes
  3 polar bears
  A radroach zombie (Crypt:2)
  A tarantella (shapeshifter) (Depths:3)
  2 small abominations (Crypt:3)
  9 snapping turtles
  A tarantella zombie (Crypt:2)
  2 tengu simulacra (Vaults:3)
  35 blink frogs
  An ettin zombie (Crypt:1)
  8 dream sheep
  A meliai zombie (D:11)
  50 slime creatures
  2 centaur simulacra
  A deep troll skeleton (Vaults:3)
  2 ettin skeletons
  A jumping spider (shapeshifter) (Elf:1)
  53 flying skulls
  A vampire (D:10)
  An alligator skeleton (Crypt:1)
  18 water elementals
  2 air elementals (Elf:3)
  3 shadows (Crypt:3)
  A spriggan (Depths:3)
  A wind drake zombie (Crypt:1)
  12 wraiths
  72 yaks
  A dire elephant simulacrum (Crypt:3)
  Eustachio (D:6)
  A fire elemental (Elf:1)
  5 wyverns
  5 hogs (Shoals:2)
  8 basilisks
  3 redbacks (Vaults:3)
  The ghost of Acetwo5 the Slicer, an amateur GnWn (D:4)
  A redback (shapeshifter) (Depths:3)
  6 steam dragons
  3 vampire mosquitoes (D:12)
  An acid dragon (D:5)
  A glowing shapeshifter zombie (Crypt:2)
  5 wargs
  60 nagas
  2 large abominations (Crypt:3)
  A floating eye (Depths:1)
  16 water moccasins
  3 black bears
  2 ice beasts
  A deep troll simulacrum (Vaults:4)
  51 orc warriors
  An ettin simulacrum (Vaults:4)
  6 necrophages
  A boggart (shapeshifter) (D:14)
  5 boggarts (Vaults:2)
  12 ogres
  12 wolves
  4 centaurs
  4 human skeletons (Vaults:3)
  A manticore skeleton (Crypt:1)
  An elf simulacrum (Vaults:3)
  5 kobold brigands (D:7)
  A yaktaur zombie (Crypt:2)
  13 bullfrogs
  A salamander zombie (Crypt:2)
  A wyvern zombie (D:8)
  3 human zombies (Vaults:3)
  7 scorpions
  3 gnoll sergeants
  A glowing shapeshifter simulacrum (Vaults:4)
  3 earth elementals (Elf:1)
  2 wyvern skeletons
  A cyclops skeleton (Crypt:2)
  23 killer bees
  A human simulacrum (Vaults:3)
  A water moccasin skeleton (D:7)
  11 wights
  A howler monkey (D:7)
  A jelly (D:6)
  5 electric eels
  2 bullfrog zombies
  Crazy Yiuf (D:2)
  3 hounds (D:6)
  A bullfrog skeleton (D:7)
  41 orc priests
  3 centaur skeletons
  3 gnoll shamans
  13 orc wizards
  A black bear skeleton (Crypt:1)
  2 iguanas
  A polar bear simulacrum (D:14)
  3 killer bee zombies
  6 wolf simulacra (D:14)
  2 yak simulacra (D:14)
  A howler monkey zombie (D:10)
  14 gnolls
  A howler monkey skeleton (D:4)
  A river rat (D:11)
  6 adders
  A swamp drake skeleton (Crypt:1)
  An ufetubus (D:6)
  An adder skeleton (D:4)
  2 worms
  A barachi skeleton (Crypt:1)
  3 dart slugs
  79 orcs
  2 bats (D:2)
  8 endoplasms
  3 giant cockroaches
  14 goblins
  13 hobgoblins
  2 jackals (D:2)
  10 kobolds
  3 ball pythons
  2 frilled lizards (D:1)
  5 rats
  A rat skeleton (Crypt:1)
  2 river rat simulacra (D:14)
  A butterfly (Lair:1)
  5 tentacles
2091 creatures vanquished.

Vanquished Creatures (collateral kills)
  A bone dragon (Depths:4)
  A walking divine tome (Depths:3)
  2 ironbound preservers
  2 fire dragons (Depths:4)
  A deep troll earth mage (Depths:4)
  A deep troll (Depths:4)
  An ugly thing (Depths:3)
9 creatures vanquished.

Vanquished Creatures (others)
  Margery (Vaults:2)
  A sphinx (Zot:1)
  A very ugly thing (Depths:3)
  A purple draconian (Depths:4)
  27 dancing weapons
  A deep elf knight (Elf:1)
  A soul eater (Crypt:1)
  A black mamba (Snake:2)
  A rime drake (Lair:6)
  A snapping turtle (Shoals:2)
  An orc priest (Vaults:3)
  183 ball lightnings
  6 bushes
  84 fungi
  247 plants
  85 tentacles
  A withered plant (Gauntlet)
643 creatures vanquished.

Grand Total: 2743 creatures vanquished

Notes
Turn   | Place    | Note
-------+----------+-------------------------------------------
     0 | D:1      | joshe the Ogre Transmuter began the quest for the Orb.
     0 | D:1      | Reached XP level 1. HP: 19/19 MP: 3/3
   252 | D:1      | Reached XP level 2. HP: 27/27 MP: 3/5
   676 | D:1      | Reached XP level 3. HP: 28/33 MP: 3/6
   680 | D:1      | Learned a level 3 spell: Spider Form
  1507 | D:2      | Reached skill level 2 in Fighting
  1995 | D:2      | Found a runed translucent door.
  1996 | D:2      | Noticed Crazy Yiuf
  2066 | D:2      | Reached XP level 4. HP: 39/42 MP: 3/7
  2427 | D:3      | Reached skill level 1 in Stealth
  3096 | D:3      | Noticed a scorpion
  3191 | D:3      | Found Doguoss's General Store.
  3198 | D:3      | Bought a scroll of identify for 22 gold pieces
  3198 | D:3      | Bought a scroll of fog for 22 gold pieces
  3328 | D:3      | Found a faded altar of an unknown god.
  3714 | D:4      | Identified the +8 mace "Banosm" {speed, Fragile MP+9 Str+4}
  3737 | D:4      | Noticed a black bear
  3753 | D:4      | Killed a black bear
  3754 | D:4      | Reached skill level 1 in Maces & Flails
  3754 | D:4      | Reached XP level 5. HP: 37/49 MP: 6/9
  3861 | D:4      | Learned a level 4 spell: Ice Form
  3879 | D:4      | Reached skill level 3 in Fighting
  3879 | D:4      | Reached XP level 6. HP: 52/61 MP: 10/10
  4040 | D:3      | Reached skill level 1 in Ice Magic
  4734 | D:4      | Noticed a black bear
  4748 | D:4      | Killed a black bear
  4749 | D:4      | Reached XP level 7. HP: 67/67 MP: 10/11
  5074 | D:4      | Learned a level 2 spell: Poisonous Vapours
  5129 | D:4      | Found a runed translucent gate.
  5130 | D:4      | Found a runed translucent gate.
  5132 | D:4      | Found a runed translucent gate.
  5134 | D:4      | Noticed Acetwo5's ghost (amateur GnWn)
  5514 | D:5      | Entered Level 5 of the Dungeon
  5770 | D:5      | Reached skill level 4 in Fighting
  5770 | D:5      | Reached skill level 1 in Poison Magic
  6713 | D:5      | Reached skill level 1 in Air Magic
  6713 | D:5      | Reached XP level 8. HP: 78/78 MP: 12/12
  6777 | D:5      | Reached skill level 5 in Fighting
  6779 | D:5      | Reached skill level 6 in Fighting
  7053 | D:5      | Found a staircase to the Ecumenical Temple.
  7066 | D:5      | Reached skill level 5 in Maces & Flails
  7406 | Temple   | Entered the Ecumenical Temple
  7427 | Temple   | Became a worshipper of Gozag Ym Sagoz the Greedy
  8368 | D:6      | Reached XP level 9. HP: 79/89 MP: 15/15
  8498 | D:6      | Noticed Eustachio
  8509 | D:6      | Killed Eustachio
  8739 | D:6      | Identified the ring of the Reasonable Plum {MP+9 Str+3
                  | Stlth+}
  8755 | D:6      | Reached skill level 10 in Maces & Flails
  9596 | D:7      | Reached skill level 7 in Fighting
  9765 | D:7      | Reached skill level 5 in Spellcasting
  9778 | D:7      | Noticed a white ugly thing
  9819 | D:7      | Killed a green ugly thing
  9820 | D:7      | Reached skill level 8 in Fighting
  9820 | D:7      | Reached XP level 10. HP: 104/104 MP: 10/17
 10270 | D:7      | Reached skill level 1 in Evocations
 10972 | D:7      | Learned a level 2 spell: Wereblood
 10998 | D:7      | Found a glowing silver altar of Zin.
 11423 | D:8      | Noticed Psyche
 11713 | D:8      | Found a flagged portal.
 11736 | D:8      | Killed Psyche
 11830 | Bailey   | Entered a bailey
 12119 | Bailey   | Noticed an orc knight
 12119 | Bailey   | Noticed an orc knight
 12184 | Bailey   | Noticed an orc knight
 12252 | Bailey   | Killed an orc knight
 12266 | Bailey   | Killed an orc knight
 12267 | Bailey   | Reached XP level 11. HP: 76/111 MP: 6/18
 12285 | Bailey   | Noticed an orc warlord
 14101 | D:10     | Entered Level 10 of the Dungeon
 14118 | D:10     | Noticed a two-headed ogre
 14385 | D:10     | Found Vekupual's Elemental Accessories.
 14395 | D:10     | Bought the Tome of Flight for 476 gold pieces
 14397 | D:10     | Learned a level 1 spell: Shock
 15038 | D:9      | Killed a two-headed ogre
 15039 | D:9      | Reached skill level 5 in Ice Magic
 15739 | D:10     | Identified the +11 flail "Wafiod Ize" {venom, rN+ SInv
                  | Stlth-}
 16424 | D:3      | Bought a +1 cloak of poison resistance for 148 gold pieces
 16815 | D:11     | Found a staircase to the Lair.
 16818 | D:11     | Found a gate leading to a gauntlet.
 16819 | D:11     | Noticed a boulder beetle
 16859 | D:11     | Noticed a two-headed ogre
 16863 | Gauntlet | Entered a Gauntlet
 16863 | Gauntlet | Found a transporter.
 16892 | Gauntlet | Noticed a necromancer
 17023 | Gauntlet | Found a transporter.
 17045 | Gauntlet | Found a transporter.
 17047 | Gauntlet | Found a transporter.
 17049 | Gauntlet | Found a transporter.
 17077 | Gauntlet | Found a transporter.
 17084 | Gauntlet | Noticed a fire crab
 17086 | Gauntlet | Found the +10 zealot's sword {holy, *Rage rN+ EV+3}
 17098 | Gauntlet | Found a transporter.
 17100 | Gauntlet | Found a large runed translucent door.
 17100 | Gauntlet | Found a large runed translucent door.
 17101 | Gauntlet | Found a large runed translucent door.
 17101 | Gauntlet | Found a large runed translucent door.
 17102 | Gauntlet | Found a large runed translucent door.
 17102 | Gauntlet | Found a large runed translucent door.
 17102 | Gauntlet | Found a runed translucent door.
 17102 | Gauntlet | Found a runed translucent door.
 17102 | Gauntlet | Found a large runed translucent door.
 17102 | Gauntlet | Found a large runed translucent door.
 17103 | Gauntlet | Found a large runed translucent door.
 17103 | Gauntlet | Found a large runed translucent door.
 17105 | Gauntlet | Found a transporter.
 17123 | Gauntlet | Found a transporter.
 17139 | Gauntlet | Found a large runed translucent door.
 17140 | Gauntlet | Found a large runed translucent door.
 17141 | Gauntlet | Found a large runed translucent door.
 17142 | Gauntlet | Found a runed translucent gate.
 17143 | Gauntlet | Found a transporter.
 17143 | Gauntlet | Found a runed translucent gate.
 17144 | Gauntlet | Found a runed translucent gate.
 17145 | Gauntlet | Found a large runed translucent door.
 17146 | Gauntlet | Found a large runed translucent door.
 17147 | Gauntlet | Found a large runed translucent door.
 17155 | Gauntlet | Found a transporter.
 17155 | Gauntlet | Noticed an obsidian statue
 17167 | Gauntlet | Found a transporter.
 17168 | Gauntlet | Noticed a green death
 17179 | Gauntlet | Found a transporter.
 17179 | Gauntlet | Noticed a reaper
 17185 | Gauntlet | Found a transporter.
 17208 | Gauntlet | Noticed a cacodemon
 17210 | Gauntlet | Found a transporter.
 17233 | Gauntlet | Found a transporter.
 17346 | D:11     | Killed a two-headed ogre
 17388 | D:11     | Reached skill level 1 in Conjurations
 17478 | D:11     | Noticed a cyclops
 17509 | D:11     | Noticed a four-headed hydra
 17510 | D:11     | Killed a cyclops
 17825 | D:11     | Reached skill level 5 in Air Magic
 17847 | D:11     | Learned a level 4 spell: Airstrike
 17851 | D:11     | Noticed a cyclops
 17893 | D:11     | Killed a boulder beetle
 17894 | D:11     | Reached XP level 12. HP: 83/119 MP: 19/19
 18358 | D:11     | Killed a four-headed hydra
 19007 | D:10     | Found Vekupual's Elemental Accessories.
 19802 | Lair:1   | Entered Level 1 of the Lair of Beasts
 19887 | Lair:1   | Noticed a five-headed hydra
 20095 | Lair:1   | Reached skill level 9 in Fighting
 20154 | Lair:1   | Killed a five-headed hydra
 20389 | Lair:1   | Reached skill level 10 in Fighting
 20701 | Lair:1   | Reached skill level 11 in Fighting
 20706 | Lair:1   | Noticed a four-headed hydra
 20724 | Lair:1   | Killed a four-headed hydra
 21188 | Lair:1   | Noticed a five-headed hydra
 21193 | Lair:1   | Killed a five-headed hydra
 21194 | Lair:1   | Reached skill level 5 in Dodging
 21375 | Lair:1   | Learned a level 3 spell: Mephitic Cloud
 21379 | Lair:1   | Learned a level 3 spell: Ignite Poison
 21624 | Lair:1   | Reached XP level 13. HP: 126/137 MP: 25/25
 21931 | Lair:1   | Noticed Joseph
 21951 | Lair:1   | Killed Joseph
 22495 | Lair:2   | Reached skill level 1 in Fire Magic
 25604 | Lair:3   | Reached skill level 10 in Spellcasting
 25806 | Lair:3   | Found a staircase to the Snake Pit.
 26132 | Lair:4   | Reached XP level 14. HP: 104/146 MP: 28/28
 26331 | Lair:4   | Found a runed translucent gate.
 26333 | Lair:4   | Found a runed translucent gate.
 26333 | Lair:4   | Found a runed translucent gate.
 26334 | Lair:4   | Noticed 2bobheroes's ghost (journeyman GnFi)
 26775 | Lair:4   | Learned a level 3 spell: Conjure Flame
 27589 | Lair:4   | Found a staircase to the Shoals.
 28055 | Lair:4   | Reached skill level 5 in Transmutations
 28511 | Lair:5   | Noticed Josephine
 28980 | Lair:4   | Found a runed translucent gate.
 28980 | Lair:4   | Found a runed translucent gate.
 28980 | Lair:4   | Found a runed translucent gate.
 29104 | Lair:4   | Found a staircase to the Shoals.
 29541 | Lair:5   | Killed Josephine
 29918 | Lair:4   | Reached skill level 1 in Armour
 31340 | Lair:5   | Found a viscous altar of Jiyva.
 31340 | Lair:5   | Found a staircase to the Slime Pits.
 31836 | Lair:6   | Entered Level 6 of the Lair of Beasts
 32368 | Lair:6   | Reached XP level 15. HP: 90/153 MP: 22/31
 32725 | Lair:6   | Reached skill level 12 in Fighting
 32948 | Lair:6   | Reached skill level 5 in Unarmed Combat
 33196 | Lair:6   | Found a transporter.
 33196 | Lair:6   | Noticed experimilk's ghost (journeyman MiHu)
 33213 | Lair:6   | Found a transporter.
 34076 | Lair:6   | Found the ring of the Octopus King
 34088 | Lair:6   | Identified a ring of the Octopus King {rF+ AC+1 EV+1 Str+1
                  | Int+1 Dex+1}
 34091 | Lair:6   | Identified the +4 hunting sling of Makhleb's Benevolence
                  | {vorpal, Fragile rPois Int+8}
 35033 | D:2      | Killed Crazy Yiuf
 35143 | D:4      | Killed Acetwo5's ghost
 35995 | D:12     | Identified the +9 hunting sling "Tocwu" {venom, +Blink rC+
                  | Stlth-}
 36075 | D:12     | Found a staircase to the Orcish Mines.
 36360 | D:12     | Learned a level 2 spell: Static Discharge
 36497 | D:12     | Learned a level 3 spell: Stone Arrow
 36699 | D:12     | Found Zockobe's Magic Scroll Boutique.
 36705 | D:12     | Bought a scroll of identify for 28 gold pieces
 36705 | D:12     | Bought a scroll of identify for 28 gold pieces
 36705 | D:12     | Bought a scroll of identify for 28 gold pieces
 36705 | D:12     | Bought a scroll of holy word for 105 gold pieces
 36705 | D:12     | Bought a scroll of enchant armour for 105 gold pieces
 36705 | D:12     | Bought a scroll of amnesia for 49 gold pieces
 36705 | D:12     | Bought a scroll of amnesia for 49 gold pieces
 36729 | D:12     | Noticed Maurice
 36743 | D:12     | Killed Maurice
 36930 | D:12     | Reached skill level 1 in Earth Magic
 36958 | Orc:1    | Entered Level 1 of the Orcish Mines
 37070 | Orc:1    | Found Seysku's General Store.
 37348 | Orc:1    | You fall into a shaft and drop 1 floor!
 37348 | Orc:2    | Entered Level 2 of the Orcish Mines
 38061 | Orc:1    | Reached skill level 13 in Fighting
 38253 | Orc:2    | Found a staircase to the Elven Halls.
 38449 | Orc:2    | Found Gazxe's Assorted Antiques.
 38458 | Orc:2    | Bought a shiny glass wand for 96 gold pieces
 38458 | Orc:2    | Bought a potion of resistance for 240 gold pieces
 38813 | Orc:2    | Reached XP level 16. HP: 157/169 MP: 34/34
 38813 | Orc:2    | Found Etigypetawn's Distillery.
 38833 | Orc:2    | Bought a potion of heal wounds for 80 gold pieces
 38833 | Orc:2    | Bought a potion of curing for 48 gold pieces
 38833 | Orc:2    | Bought a potion of brilliance for 64 gold pieces
 38833 | Orc:2    | Bought a potion of cancellation for 128 gold pieces
 38833 | Orc:2    | Bought a potion of haste for 160 gold pieces
 38833 | Orc:2    | Bought a potion of brilliance for 64 gold pieces
 38833 | Orc:2    | Bought a potion of curing for 48 gold pieces
 38833 | Orc:2    | Bought 3 potions of brilliance for 192 gold pieces
 40687 | Orc:2    | Reached skill level 10 in Air Magic
 40768 | Orc:2    | Found Ylunt's Antique Weapon Emporium.
 40768 | Orc:2    | Found Marese Etha's Antique Weapon Emporium.
 40769 | Orc:2    | Found Baastaih's Weapon Shoppe.
 40769 | Orc:2    | Found Tejegoad's Antique Armour Emporium.
 40780 | Orc:2    | Bought a silken robe for 239 gold pieces
 40780 | Orc:2    | Identified the +1 robe of the Crushed Songs {rPois rF-
                  | Will++} (You bought it in a shop on level 2 of the Orcish
                  | Mines)
 40780 | Orc:2    | Bought a dull robe for 239 gold pieces
 40780 | Orc:2    | Identified the +0 robe of Winter {Regen+ rCorr Int+3 SInv}
                  | (You bought it in a shop on level 2 of the Orcish Mines)
 41266 | Elf:1    | Entered Level 1 of the Elven Halls
 41845 | Elf:1    | Got the Almanac of Axaxaxas mlö
 41856 | Elf:1    | Got Ts'ui Pên's Tome of Forking Paths
 41951 | Elf:1    | Got Sif Muna's Grimoire of Dhcmrlchtdj
 42876 | Elf:1    | Learned a level 5 spell: Fireball
 42922 | Elf:1    | You fall into a shaft and drop 1 floor!
 42937 | Elf:2    | Noticed Jorgrun
 43871 | Slime:1  | Entered Level 1 of the Pits of Slime
 43871 | Slime:1  | Noticed an acid blob
 43884 | Slime:1  | Killed an acid blob
 43885 | Slime:1  | Reached skill level 5 in Conjurations
 43887 | Slime:1  | Gained mutation: Your magical capacity is low. (-10% MP) [a
                  | shining eye]
 44010 | Slime:2  | Noticed Dissolution
 44010 | Slime:2  | Noticed an azure jelly
 44079 | Shoals:1 | Entered Level 1 of the Shoals
 44178 | Shoals:1 | Found Riwuasip's Overcharged Wands.
 44204 | Shoals:1 | Bought a wand of acid (25) for 986 gold pieces
 44548 | Shoals:1 | Found Xacka's Visitors' Centre.
 44548 | Shoals:1 | Found Xacka's Merfolk Magic.
 44661 | Shoals:1 | Found Xacka's Merfolk Armours.
 44662 | Shoals:1 | Found Xacka's Merfolk Weapons.
 44675 | Shoals:1 | Bought a +0 hat of willpower for 132 gold pieces
 44685 | Shoals:1 | Bought the Tome of Creation for 504 gold pieces
 44685 | Shoals:1 | Bought an amulet of the acrobat for 420 gold pieces
 44685 | Shoals:1 | Bought a ring of willpower for 350 gold pieces
 45420 | Shoals:2 | Found a large runed translucent door.
 45420 | Shoals:2 | Found a large runed translucent door.
 45430 | Shoals:2 | Reached skill level 5 in Evocations
 45565 | Shoals:2 | Noticed pkoi's ghost (journeyman DrMo)
 45704 | Shoals:2 | Noticed Kirke
 45712 | Shoals:2 | Killed Kirke
 45713 | Shoals:2 | Reached skill level 5 in Fire Magic
 46089 | Shoals:2 | Noticed Nikola
 46316 | Shoals:2 | Killed Nikola
 46317 | Shoals:2 | Reached XP level 17. HP: 152/176 MP: 31/31
 46655 | Shoals:2 | Noticed a kraken
 47214 | Shoals:2 | Lost mutation: Your magical capacity is low. (-10% MP)
                  | [potion of mutation]
 47214 | Shoals:2 | Gained mutation: You are weak. (Str -2) [potion of
                  | mutation]
 47214 | Shoals:2 | Gained mutation: You are dopey. (Int -2) [potion of
                  | mutation]
 47214 | Shoals:2 | Gained mutation: You have a pair of small horns on your
                  | head. [potion of mutation]
 47215 | Shoals:2 | Lost mutation: You have a pair of small horns on your head.
                  | [potion of mutation]
 47215 | Shoals:2 | Lost mutation: You are dopey. (Int -2) [potion of mutation]
 47215 | Shoals:2 | Gained mutation: You have a pair of small horns on your
                  | head. [potion of mutation]
 47215 | Shoals:2 | Gained mutation: Your body sometimes deteriorates upon
                  | taking damage. [potion of mutation]
 47215 | Shoals:2 | Lost mutation: You are weak. (Str -2) [potion of mutation]
 47377 | Shoals:2 | Killed pkoi's ghost
 47389 | Shoals:2 | Identified the +0 pair of gloves of Sin {rN++ rCorr Dex-5
                  | Stlth+}
 47565 | Shoals:2 | Killed a kraken
 48835 | Shoals:2 | Lost mutation: You have a pair of small horns on your head.
                  | [potion of mutation]
 48835 | Shoals:2 | Lost mutation: Your body sometimes deteriorates upon taking
                  | damage. [potion of mutation]
 48835 | Shoals:2 | Gained mutation: Your spells are a little harder to cast,
                  | but a little more powerful. [potion of mutation]
 48835 | Shoals:2 | Gained mutation: Your system is resistant to poisons.
                  | (rPois) [potion of mutation]
 49519 | Shoals:3 | Noticed a kraken
 50453 | Shoals:3 | Killed a kraken
 50805 | Shoals:4 | Entered Level 4 of the Shoals
 51590 | Shoals:4 | Reached skill level 14 in Fighting
 52062 | Shoals:4 | Noticed Ilsuiw
 52744 | Shoals:4 | Reached skill level 15 in Spellcasting
 54055 | Shoals:4 | Learned a level 5 spell: Iskenderun's Battlesphere
 54215 | Shoals:4 | Noticed a kraken
 54254 | Shoals:4 | Noticed a kraken
 54388 | Shoals:4 | Killed a kraken
 54486 | Shoals:4 | Killed a kraken
 54499 | Shoals:4 | Got a barnacled rune of Zot
 54684 | Shoals:4 | Reached XP level 18. HP: 174/189 MP: 20/37
 55044 | Shoals:4 | Killed Ilsuiw
 55846 | Snake:1  | Entered Level 1 of the Snake Pit
 56207 | Lair:3   | Bought a book of the Earth for 468 gold pieces
 56214 | Lair:3   | Learned a level 6 spell: Statue Form
 56742 | Snake:1  | Gained mutation: You are occasionally teleported next to
                  | monsters. [mutagenic glow]
 56894 | Snake:1  | Gained mutation: You have sharp fingernails. [mutagenic
                  | glow]
 56904 | Snake:1  | Gained mutation: You are clumsy. (Dex -2) [mutagenic glow]
 56951 | Snake:1  | Gained mutation: You are frail. (-10% HP) [mutagenic glow]
 56979 | Snake:1  | Lost mutation: You are clumsy. (Dex -2) [potion of
                  | mutation]
 56979 | Snake:1  | Lost mutation: You have sharp fingernails. [potion of
                  | mutation]
 56979 | Snake:1  | Lost mutation: Your spells are a little harder to cast, but
                  | a little more powerful. [potion of mutation]
 56979 | Snake:1  | Gained mutation: You are somewhat resistant to further
                  | mutation. [potion of mutation]
 56979 | Snake:1  | Gained mutation: You have a somewhat thin skeletal
                  | structure. (Dex +2, Stealth+) [potion of mutation]
 57162 | Snake:1  | Reached skill level 5 in Earth Magic
 59072 | Snake:2  | You fall into a shaft and drop 1 floor!
 59319 | Snake:2  | Found Ydazxowk's Neck Hole.
 59360 | Snake:2  | Found the +12 glaive of Prune {vorpal}
 59546 | Snake:2  | Identified the +1 plate armour of Gopliten {Regen+ Int+4}
 59630 | Snake:2  | Identified a scroll of acquirement
 59631 | Snake:2  | Acquired the +4 tower shield "Muucwe" {rElec rN+ Will+
                  | Int+6}
 59680 | Snake:2  | Gained mutation: You are dopey. (Int -2) [mutagenic glow]
 60052 | Snake:3  | Found Hyocw's Armour Shop.
 60674 | Snake:3  | Found Vupasaoq's Jewellery Shop.
 60689 | Snake:3  | Bought a scroll of amnesia for 56 gold pieces
 60689 | Snake:3  | Bought a manual of Fighting for 1280 gold pieces
 60738 | Snake:3  | Found Awosa's Armour Shop.
 60779 | Snake:3  | Found Xearhok's General Store.
 61438 | Snake:3  | Found Kiwummats's Distillery.
 61442 | Snake:3  | Bought a potion of heal wounds for 70 gold pieces
 61442 | Snake:3  | Bought a potion of curing for 42 gold pieces
 61442 | Snake:3  | Bought a potion of brilliance for 56 gold pieces
 61442 | Snake:3  | Bought 2 potions of curing for 84 gold pieces
 61442 | Snake:3  | Bought a potion of resistance for 140 gold pieces
 61815 | Snake:4  | Entered Level 4 of the Snake Pit
 62055 | Snake:4  | Found a runed translucent door.
 62058 | Snake:4  | Noticed WaxSun's ghost (adept FoCK)
 62536 | Snake:4  | Reached skill level 15 in Fighting
 62827 | Snake:4  | Found Sufaimecza's Book Shoppe.
 62828 | Snake:4  | Found Kezoarr's Jewellery Shop.
 62830 | Snake:4  | Found Taamnuomirch's Book Shoppe.
 62918 | Snake:4  | Reached skill level 16 in Fighting
 62945 | Snake:4  | Reached XP level 19. HP: 68/183 MP: 19/38
 63097 | Snake:3  | Bought a potion of curing for 42 gold pieces
 63097 | Snake:3  | Bought a scroll of teleportation for 42 gold pieces
 63888 | Snake:3  | Found Xearhok's General Store.
 63960 | Snake:3  | Found Awosa's Armour Shop.
 64068 | Snake:3  | Found Vupasaoq's Jewellery Shop.
 64073 | Snake:3  | Found Cuphan's General Store.
 64908 | Snake:4  | Found Urok Rui's Jewellery Shoppe.
 65238 | Snake:4  | Got a serpentine rune of Zot
 66389 | Elf:1    | Killed Jorgrun
 66390 | Elf:1    | Reached skill level 10 in Earth Magic
 67272 | Elf:2    | Reached skill level 17 in Fighting
 67998 | Elf:2    | Reached skill level 1 in Shields
 68015 | Elf:2    | Found a large runed translucent door.
 68015 | Elf:2    | Found a large runed translucent door.
 68130 | Elf:2    | Found a large runed translucent door.
 68130 | Elf:2    | Found a large runed translucent door.
 69495 | Elf:2    | Reached skill level 5 in Shields
 69896 | Elf:3    | Entered Level 3 of the Elven Halls
 70264 | Elf:3    | Found Lunuc's Distillery.
 70273 | Elf:3    | Bought a potion of might for 56 gold pieces
 70273 | Elf:3    | Bought a potion of might for 56 gold pieces
 70273 | Elf:3    | Bought a potion of cancellation for 112 gold pieces
 70715 | Elf:3    | Found a runed translucent door.
 70717 | Elf:3    | Noticed nickcage's ghost (adept MiFi)
 70788 | Elf:2    | HP: 6/188 [crystal guardian/crystal bolt (16)]
 72600 | Elf:3    | Identified the ring "Escheich" {Fire rElec Int-5 SInv}
 72921 | Elf:3    | Paralysed by an air elemental for 1 turns
 72934 | Elf:3    | Gained mutation: Your magical capacity is low. (-10% MP)
                  | [mutagenic glow]
 73149 | Elf:3    | Reached skill level 18 in Fighting
 73195 | Elf:3    | Reached XP level 20. HP: 141/192 MP: 35/35
 74925 | Elf:3    | Found the +7 Kryia's mail coat {PotionHeal*2 rC+}
 74929 | Elf:3    | Identified the +7 hand crossbow of the Invisible Beasts
                  | {vorpal, rPois rN++ Int-4 Dex-4}
 74932 | Elf:3    | Identified the +4 ring mail of Spite {rC+ rCorr Dex+5}
 74961 | Elf:3    | Learned a level 5 spell: Blade Hands
 76470 | D:13     | Identified the +1 ring mail of Howling Wind {Dex+3}
 77601 | D:14     | Found a gate to the Vaults.
 78231 | D:15     | Entered Level 15 of the Dungeon
 79661 | D:15     | Found a staircase to the Depths.
 79873 | Vaults:1 | Entered Level 1 of the Vaults
 80261 | Snake:4  | Bought an amulet of reflection for 510 gold pieces
 80289 | Snake:4  | Bought the ring "Hifiom" {Contam rF+ rC+ rCorr Str+5} for
                  | 841 gold pieces
 81029 | Vaults:1 | Reached skill level 10 in Shields
 81588 | Vaults:1 | Reached skill level 19 in Fighting
 82503 | Vaults:1 | Reached skill level 20 in Fighting
 83323 | Vaults:2 | Reached XP level 21. HP: 213/213 MP: 25/37
 83847 | Vaults:2 | Found Ogafres's Antique Weapon Shoppe.
 83891 | Vaults:2 | Reached skill level 10 in Conjurations
 83918 | Vaults:2 | Noticed Margery
 84231 | Vaults:2 | HP: 5/213 [hell knight/+2 war axe[Margery] (26)]
 85613 | Vaults:2 | Reached skill level 5 in Poison Magic
 86134 | Vaults:2 | Killed Margery
 88164 | Shoals:1 | Bought a wand of acid (25) for 986 gold pieces
 88576 | Vaults:3 | Noticed Donald
 88587 | Vaults:3 | Killed Donald
 89602 | Orc:1    | Bought a scroll of teleportation for 42 gold pieces
 89632 | Orc:2    | Bought a scroll of teleportation for 72 gold pieces
 89888 | Vaults:3 | Noticed Saint Roka
 89898 | Vaults:3 | Killed Saint Roka
 90160 | Vaults:3 | Learned a level 5 spell: Lee's Rapid Deconstruction
 90360 | Vaults:3 | Reached XP level 22. HP: 222/222 MP: 38/38
 90445 | Vaults:3 | Found a staircase to the Crypt.
 90857 | Vaults:3 | Learned a level 5 spell: Blade Hands
 91758 | Vaults:4 | Reached skill level 21 in Fighting
 92262 | Vaults:4 | Reached skill level 22 in Fighting
 93303 | Vaults:5 | Entered Level 5 of the Vaults
 93305 | Vaults:5 | Noticed Bai Suzhen
 93311 | Vaults:5 | Reached skill level 10 in Fire Magic
 93646 | Vaults:4 | Learned a level 6 spell: Iron Shot
 93677 | Vaults:4 | Killed Bai Suzhen
 95130 | Vaults:5 | Noticed a dread lich
 95374 | Vaults:4 | Reached XP level 23. HP: 120/235 MP: 35/39
 95540 | Vaults:4 | Killed a dread lich
 96308 | Vaults:4 | Learned a level 4 spell: Petrify
 97216 | Vaults:5 | Noticed an ancient lich
 97223 | Vaults:5 | Killed an ancient lich
 97847 | Vaults:5 | Identified the +2 buckler of the Moon Troll {Dex+4}
 97849 | Vaults:5 | Identified the +0 pair of gloves of Mun Lama {Rampage}
 98050 | Vaults:5 | Found the +2 shield of Resistance {rF++ rC++ Will++}
 98057 | Vaults:5 | Identified the ring "Moisk" {Wiz Will++ SInv}
 98155 | Vaults:5 | Noticed a golden dragon
 98176 | Vaults:5 | Killed a golden dragon
 99541 | Vaults:5 | Got the Grimoire of the Voyage
 99576 | Vaults:5 | Got a silver rune of Zot
 99603 | Vaults:5 | Noticed a golden dragon
 99615 | Vaults:5 | Killed a golden dragon
100398 | Crypt:1  | Entered Level 1 of the Crypt
101107 | Crypt:1  | Found a runed translucent gate.
101110 | Crypt:1  | Found a runed translucent gate.
101111 | Crypt:1  | Found a runed translucent gate.
101111 | Crypt:1  | Noticed Nushri Pyun's ghost (veteran FoFi)
101111 | Crypt:1  | Identified the +1 dire flail of the Warrior-Mage {vorpal,
                  | Will++ Dex+2}
101113 | Crypt:1  | Identified the +4 chain mail of Anaesthesia {rCorr}
101639 | Crypt:1  | Found an iron altar of Okawaru.
101654 | Crypt:1  | Reached skill level 15 in Earth Magic
101662 | Crypt:1  | Killed Nushri Pyun's ghost
102874 | Crypt:3  | Entered Level 3 of the Crypt
102887 | Crypt:3  | Reached skill level 1 in Throwing
102959 | Crypt:3  | Reached XP level 24. HP: 245/245 MP: 31/41
102981 | Crypt:3  | Found a basalt altar of Yredelemnul.
103007 | Crypt:3  | Reached skill level 5 in Throwing
103814 | Crypt:3  | Identified the +9 falchion "Wasuc" {elec, rPois rC+ Str+2}
103815 | Crypt:3  | Identified the ring of Ifocveum {MP+9 Int+2}
104798 | Crypt:3  | Noticed Khufu
104824 | Crypt:3  | Killed Khufu
104998 | Crypt:3  | Found a staircase to the Tomb.
105039 | Crypt:3  | Identified the +1 ring mail of Intercession {Drain rPois
                  | Int+6}
105301 | Crypt:3  | Identified the +8 short sword of Fideam {drain, Str+3}
106401 | Depths:1 | Entered Level 1 of the Depths
106449 | Depths:1 | Learned a level 2 spell: Sublimation of Blood
106456 | Depths:1 | Learned a level 6 spell: Conjure Ball Lightning
106601 | Depths:1 | Found a one-way gate to the infinite horrors of the Abyss.
107092 | Depths:1 | Found a gateway to Hell.
108937 | Depths:2 | Reached skill level 1 in Necromancy
109148 | Depths:2 | Reached XP level 25. HP: 246/253 MP: 27/43
109534 | Depths:2 | Found a radiant altar of Vehumet.
109747 | Depths:2 | Found a one-way gate leading to the halls of Pandemonium.
109774 | Depths:2 | Noticed a juggernaut
110160 | Depths:2 | Noticed Sojobo
110171 | Depths:2 | Killed Sojobo
110551 | Depths:2 | Killed a juggernaut
111625 | Depths:3 | Identified the +8 halberd of Recklessness {speed, rElec
                  | rPois Will- Str-3}
111782 | Depths:3 | Reached skill level 15 in Air Magic
112011 | Depths:3 | Learned a level 4 spell: Summon Lightning Spire
113130 | Depths:3 | Found an ornate altar of the Wu Jian Council.
114588 | Depths:4 | Entered Level 4 of the Depths
115268 | Depths:4 | Found an opulent altar of Gozag.
115452 | Depths:4 | Found a gate to the Realm of Zot.
115908 | Depths:4 | Reached XP level 26. HP: 261/261 MP: 30/43
115911 | Depths:4 | Found Wofumo's Assorted Antiques.
115923 | Depths:4 | Bought a scroll of blinking for 217 gold pieces
115923 | Depths:4 | Bought a potion of might for 116 gold pieces
116130 | Depths:4 | Found a portal to a secret trove of treasure.
116133 | Depths:4 | You paid a toll of 6 scrolls of fog to enter a treasure
                  | trove
116134 | Trove    | Entered a treasure trove
116138 | Trove    | Found the +4 robe of Folly {Brilliance Will-∞ Int+8}
116141 | Trove    | Found the -2 hat of the Alchemist {rElec rPois rF+ rC+ rN+
                  | Will+ rMut rCorr}
116150 | Trove    | Identified the +1 tower shield of the Dropbear {Rampage}
116152 | Trove    | Identified the +5 kite shield of Zurorih {rC+ rN+}
116156 | Trove    | Identified the -4 cloak "Qavemuno" {+Blink +Inv rPois
                  | Int-3}
116157 | Trove    | Identified the +0 cloak of Mirhud Ziumu {-Tele rN++ Dex+2}
116161 | Trove    | Identified the +1 hat of Context {Rampage}
116163 | Trove    | Identified the +3 gold dragon scales "Ekubb" {rPois rF+ rC+
                  | Will+ MP+9}
116165 | Trove    | Identified the -4 hat of Extuxted {rC+++ Will++ rCorr
                  | Str-5}
116903 | Depths:4 | Found a one-way gateway to a ziggurat.
117386 | Zot:1    | Entered Level 1 of the Realm of Zot
117548 | Zot:1    | Noticed a Killer Klown
117867 | Depths:4 | Found a gate to the Realm of Zot.
117910 | Depths:4 | Found Wofumo's Assorted Antiques.
118130 | Depths:4 | Found a one-way gateway to a ziggurat.
118395 | Depths:4 | Found an opulent altar of Gozag.
118785 | Depths:4 | Killed a Killer Klown
118898 | Zot:1    | Noticed an ancient lich
118909 | Zot:1    | HP: 10/391 [titan/the air (14)]
118914 | Depths:4 | HP: 9/391 [poisoned by a green draconian (blast of poison)]
119506 | Zot:1    | HP: 12/261 [green draconian monk (10)]
119507 | Zot:1    | Slain by a green draconian monk

Illustrated notes

Levels and vault maps discovered:
D:1:      dpeg_arrival_leaves_temple_mockup, layout_basic
D:2:      layout_rooms, serial_forest, infiniplex_forest_clump_diagonal,
          infiniplex_forest_clump_cross, infiniplex_forest_clump_tiny,
          infiniplex_forest_straight_5, infiniplex_forest_lined_2,
          infiniplex_forest_straight_2, uniq_crazy_yiuf_cottage
D:3:      layout_loops_corners, shapermc_ecumenical_altar_notcrosses,
          serial_shops, nicolae_shop_temple_entry_statues_fountains,
          minivault_25
D:4:      layout_loops_cross, gammafunk_ghost_necromancy,
          kennysheep_small_square
D:5:      layout_cave_pods, minmay_temple_entry_mist, minmay_manual_monstrance
D:6:      layout_basic, grunt_decor_fettered, uniq_eustachio
D:7:      layout_cave_pods, zin_statuary, nzn_random_ring
D:8:      layout_loops_ring, enter_bailey_2, hangedman_glass_teeth, uniq_psyche
D:9:      layout_big_octagon
D:10:     layout_basic, nrook_uturn, nicolae_elemental_shop,
          minmay_crystal_water, grunt_ogre_cave
D:11:     layout_rooms, david_lair_generic, gauntlet_entry_generic
D:12:     layout_rooms, david_orc_3, serial_shops, kennysheep_little_box, pond,
          uniq_maurice
D:13:     layout_grid_maze
D:14:     layout_basic, lightli_vaults_fourway_checkpoint,
          nicolae_concentric_dashed_squares_wild, serial_bayou_pond_e,
          eino_house_with_fridge
D:15:     grunt_enter_depths_snipers, layout_basic
Temple:   nicolae_temple_the_god_donut
Lair:1:   layout_concentric_octagons, special_room [special_room_bee],
          grunt_megastairs_4, infiniplex_staircase_pool, lemuel_fruit_fields,
          uniq_joseph
Lair:2:   layout_gridlike, minmay_hedge_maze
Lair:3:   layout_long_grid, minmay_snake_entry_guardpost_medium,
          minmay_lair_oklob_bushes
Lair:4:   layout_roguey, minmay_shoals_entry_beasts, gammafunk_ghost_hydra_chop,
          lemuel_fruit_tree, serial_bayou_shore_a
Lair:5:   layout_cave_pods, dpeg_slime_entry_enclosed_altar,
          nicolae_lair_run_with_the_wolves, uniq_josephine
Lair:6:   gammafunk_lair_ancient_temple, layout_concentric_octagons,
          gammafunk_ghost_arena, serial_bayou_crossing
Shoals:1: nicolae_shoals_mermall, layout_shoals, nicolae_shop_overcharged_wands
Shoals:2: layout_shoals, ebering_ghost_disaster_area, uniq_kirke, uniq_nikola
Shoals:3: layout_shoals
Shoals:4: shoals_end_hangedman, layout_shoals, shoals_ilsuiw_alternative,
          nicolae_shoals_water_shrine
Snake:1:  layout_gridlike, serial_curves, eino_curves_03, eino_curves_03,
          eino_curves_02, eino_curves_03
Snake:2:  layout_rooms, nicolae_shop_sticking_my_neck_out
Snake:3:  layout_chambers, serial_shops, nicolae_take_the_stairs, shop, shop,
          shop, shop
Snake:4:  minmay_snake_end_coiled, layout_grid_maze, serial_shops,
          nicolae_square_shop, hellmonk_ghost_happy_afterlife, minmay_shop_grove
Slime:1:  layout_caves
Slime:2:  layout_caves, dissolution_awaits
Orc:1:    layout_diamond_mine, serial_shops, shop, elves_outpost_lemuel
Orc:2:    st_orc_pillars, layout_diamond_mine, serial_shops, shop_fountains,
          shop
Elf:1:    layout_geoelf_diagonals, hangedman_corner_corridor,
          bh_hangedman_babel_library
Elf:2:    elven_hall_of_blades_hangedman_alternative
          [nicolae_blade_entry_splitting_headache], layout_loops_cross,
          minivault_5, uniq_jorgrun
Elf:3:    minmay_elf_hall_golems, layout_geoelf_octagon, serial_sigils,
          serial_sigils_hangedman_scratch, serial_sigils_hangedman_carve,
          serial_sigils_hangedman_quiver, serial_sigils_hangedman_clutch,
          serial_sigils_hangedman_shear, ebering_ghost_inner_flame,
          serial_shops, nicolae_shop_advertising_works
          [nicolae_subvault_shop_adworks], moated_statue
Vaults:1: hangedman_vaults_restitches, nicolae_vaults_circle_grid_b,
          nicolae_vaults_little_squares_2, hangedman_vaults_stitches,
          vaults_room_corners, v_misc_11, grunt_vaults_twisty, vaults_dpeg_ring,
          v_pattern_1, nicolae_vaults_little_squares_5, layout_vaults_omnicross
Vaults:2: v_misc_2, vaults_standard_mumra_x, v_rooms_6, nicolae_vaults_big_ls,
          v_misc_4, nicolae_vaults_little_squares_2,
          ontoclasm_vaults_misaligned, v_misc_3, layout_vaults_chaotic_city,
          serial_shops, shop, uniq_margery
Vaults:3: vaults_room_semicircle, hangedman_vaults_nails,
          minmay_crypt_entry_skeletal_spiral, hangedman_vaults_unwind,
          nicolae_vaults_mini_display_case, v_misc_31, ontoclasm_vaults_pinch,
          v_misc_1, v_misc_19, hangedman_vaults_corner, layout_vaults_omnibox,
          uniq_donald, uniq_saint_roka
Vaults:4: nicolae_vaults_alarming, hangedman_vaults_restitches,
          nicolae_vaults_circle_grid_b, grunt_vaults_hallway_long,
          nicolae_vaults_three_branches, grunt_vaults_bifocal,
          ontoclasm_vaults_gateway, nicolae_vaults_theta,
          ontoclasm_vaults_twist, nicolae_vaults_border_crossing,
          layout_vaults_omnigrid
Vaults:5: serial_shops, uniq_bai_suzhen
Crypt:1:  layout_basic, gammafunk_ghost_fury_of_okawaru,
          serial_sigils_hangedman_stare
Crypt:2:  layout_misc_corridors, nrook_guardian_serpent_ordinary
Crypt:3:  grunt_crypt_end_deaths_head
Depths:1: layout_gridville, hell_entry, abyss_entry_small_statue_room,
          kennysheep_generic_room_10, serial_bayou_shore_b, grunt_megastairs_3
Depths:2: minmay_chopped_fan, layout_long_grid, pan_entry, grunt_mini_vestibule,
          serial_bayou_shore_b, fiery_altar_vehumet, minmay_staircase_statues,
          grunt_megastairs_2, uniq_sojobo
Depths:3: minmay_three_patterns, layout_gridlike, hell_entry, abyss_entry,
          nicolae_wu_jian_wuxing_cycle, infiniplex_staircase_spiral
Depths:4: grunt_zot_entry_funnels, layout_honeycomb, enter_ziggurat_e,
          abyss_entry, enter_trove_0, hell_entry, serial_shops, shop,
          minmay_crystal_room, minmay_misc_feat_rows, abandoned_shop,
          nicolae_gozag_cash_rules_everything_around_me
Zot:1:    hangedman_zot_vaults_quadrants, layout_onion, st_single_dragon_hoard_3

Skill      XL: |  1  2  3  4  5  6  7  8  9 10 11 12 13 14 15 16 17 18 19 20 21 22 23 24 25 26 |
---------------+-------------------------------------------------------------------------------+-----
Unarmed Combat | 3 4 6 |  6.0
Fighting       | 2 3 4 6 8 11 13 14 16 18 20 22 | 22.0
Dodging        | 2 4 6 8 |  8.1
Stealth        | 2 |  2.0
Transmutations | 2 3 4 6 8 |  8.0
Spellcasting   | 3 4 5 8 10 12 14 15 17 19 21 | 21.5
Maces & Flails | 1 2 4 7 10 13 14 | 14.0
Ice Magic      | 2 4 6 |  6.0
Poison Magic   | 2 4 8 |  8.0
Air Magic      | 1 2 5 6 8 11 13 16 17 | 17.0
Evocations     | 2 3 4 5 6 8 |  8.0
Conjurations   | 2 4 6 7 8 9 10 11 12 | 12.0
Fire Magic     | 4 6 8 10 | 10.0
Armour         | 4 |  4.0
Earth Magic    | 4 8 10 13 15 | 15.0
Shields        | 8 10 11 12 14 | 14.0
Throwing       | 3 8 |  8.0
Necromancy     | 3 4 |  4.0

Action                   |  1- 3 |  4- 6 |  7- 9 | 10-12 | 13-15 | 16-18 | 19-21 | 22-24 | 25-27 || total
-------------------------+-------+-------+-------+-------+-------+-------+-------+-------+-------++-------
Melee: Unarmed           |    98 |    15 |    81 |    83 |     4 |       |       |     4 |       ||   285
       Kick              |    14 |     5 |    29 |    99 |   244 |   134 |       |       |       ||   525
       Headbutt          |     7 |     3 |    13 |    52 |   179 |    81 |       |       |       ||   335
       Punch             |     1 |     1 |     3 |    21 |    28 |    29 |     6 |       |       ||    89
       Mace              |       |    27 |    86 |   468 |   739 |   601 |   806 |   952 |   488 ||  4167
Throw: Stone             |       |     5 |       |     1 |       |       |       |       |       ||     6
       Javelin           |       |       |       |     1 |       |       |       |       |    20 ||    21
 Cast: Beastly Appendage |    21 |    10 |    21 |    51 |    90 |    79 |       |       |       ||   272
       Spider Form       |     6 |     3 |     5 |     7 |       |       |       |       |       ||    21
       Poisonous Vapours |       |       |    52 |   100 |    73 |    99 |    79 |    22 |       ||   425
       Ice Form          |       |       |     5 |    12 |     1 |     1 |       |       |       ||    19
       Wereblood         |       |       |       |     9 |    10 |    21 |       |    14 |     3 ||    57
       Shock             |       |       |       |    15 |    44 |     5 |     6 |     4 |       ||    74
       Airstrike         |       |       |       |    35 |   279 |   397 |   219 |    27 |     3 ||   960
       Mephitic Cloud    |       |       |       |     6 |   114 |    98 |    65 |    31 |    21 ||   335
       Ignite Poison     |       |       |       |     3 |    64 |    84 |    49 |    14 |       ||   214
       Conjure Flame     |       |       |       |       |     6 |     2 |       |       |       ||     8
       Stone Arrow       |       |       |       |       |     6 |    78 |    71 |     6 |       ||   161
       Static Discharge  |       |       |       |       |     1 |    48 |    41 |    56 |    19 ||   165
       Fireball          |       |       |       |       |       |   168 |   191 |    80 |    26 ||   465
       Statue Form       |       |       |       |       |       |    62 |   130 |   136 |    68 ||   396
       Iskenderun's Batt |       |       |       |       |       |    46 |    52 |    38 |    12 ||   148
       Blade Hands       |       |       |       |       |       |       |     1 |     2 |       ||     3
       Lee's Rapid Decon |       |       |       |       |       |       |     8 |   206 |    84 ||   298
       Iron Shot         |       |       |       |       |       |       |       |    69 |    46 ||   115
       Petrify           |       |       |       |       |       |       |       |     1 |       ||     1
       Conjure Ball Ligh |       |       |       |       |       |       |       |    19 |    46 ||    65
       Sublimation of Bl |       |       |       |       |       |       |       |     5 |       ||     5
       Summon Lightning  |       |       |       |       |       |       |       |       |    17 ||    17
Invok: Potion Petition   |       |       |       |     2 |       |     2 |     8 |     5 |     7 ||    24
       Call Merchant     |       |       |       |       |       |     2 |       |       |       ||     2
 Abil: End Transformatio |       |       |       |     4 |       |     2 |     1 |     1 |     2 ||    10
Evoke: Wand              |       |       |       |    10 |     1 |    11 |    22 |    10 |     2 ||    56
       Phantom mirror    |       |       |       |       |       |     1 |     3 |       |     1 ||     5
       Condenser vane    |       |       |       |       |       |       |       |     1 |     1 ||     2
  Use: Scroll            |       |     3 |     6 |    16 |    16 |    15 |    13 |    14 |     5 ||    88
       Potion            |       |       |     1 |     9 |     2 |    13 |    18 |    12 |     4 ||    59
 Stab: Distracted        |       |       |     2 |     1 |     5 |     3 |     8 |     8 |     6 ||    33
       Invisible         |       |       |       |     2 |       |     1 |       |     1 |       ||     4
       Confused          |       |       |       |       |    14 |     6 |    11 |     5 |     4 ||    40
Armor: Robe              |    12 |     5 |    16 |   109 |   170 |   111 |    11 |     4 |     4 ||   442
       Skin              |       |     2 |    26 |    70 |     1 |   211 |   456 |   870 |   452 ||  2088
Dodge: Dodged            |    42 |    24 |   113 |   345 |   355 |   749 |   417 |   449 |   244 ||  2738
Block: Tower shield      |       |       |       |       |       |       |  1038 |  2018 |   881 ||  3937
       Reflection        |       |       |       |       |       |       |    39 |    51 |     8 ||    98
       Other             |       |       |       |       |       |       |       |     1 |       ||     1
